 Dungeon Crawl Stone Soup version 0.27.1 (webtiles) character file.

Game seed: 15559060499552192953

123 Thatpatchoflichen the Grave Robber (level 5, -3/39 HPs)
             Began as a Ghoul Necromancer on Aug 31, 2021.
             Slain by a gnoll (7 damage)
             ... on level 4 of the Dungeon.
             The game lasted 00:06:47 (4623 turns).

Thatpatchoflichen the Grave Robber (GhNe)           Turns: 4623, Time: 00:06:47

Health: -3/39      AC:  3    Str: 12    XL:     5   Next: 7%
Magic:  7/7        EV: 12    Int: 11    God:
Gold:   108        SH:  0    Dex:  9    Spells: 6/8 levels left

rFire    . . .     SeeInvis .   s - +1 dagger (venom)
rCold    + . .     Faith    .   (no shield)
rNeg     + + +     Spirit   .   l - +0 robe
rPois    ∞         Reflect  .   a - +0 helmet
rElec    .         Harm     .   (no cloak)
rCorr    .         Rampage  .   (no gloves)
Will     .....                  (no boots)
Stlth    ++........             (no amulet)
HPRegen  0.00/turn              (no ring)
MPRegen  0.10/turn              (no ring)

@: inhibited regen
A: claws 1, cold resistance 1, negative energy resistance 3, inhibited
regeneration, torment resistance 2
a: no special abilities


You were on level 4 of the Dungeon.
You visited 1 branch of the dungeon, and saw 4 of its levels.

You collected 108 gold pieces.

Inventory:

Hand Weapons
 b - a +0 hand axe
 s - a +1 dagger of venom (weapon)
Missiles
 d - 59 arrows
 e - 92 sling bullets
 f - 100 stones
 g - 37 poisoned darts
Armour
 a - a +0 helmet (worn)
 l - a +0 robe (worn)
 n - a +0 leather armour
Scrolls
 c - 2 scrolls of teleportation {unknown}
 h - a scroll of acquirement {unknown}
 o - a scroll of enchant weapon {unknown}
 t - a scroll of enchant armour {unknown}
Potions
 i - a potion of magic {unknown}
 j - 5 potions of curing {unknown}
 k - 2 potions of degeneration {unknown}
 m - a potion of berserk rage {unknown}
 p - a potion of cancellation {unknown}
 q - a potion of resistance {unknown}
 r - a potion of ambrosia {unknown}


   Skills:
 + Level 0.4 Fighting
 + Level 0.3 Armour
 + Level 1.9 Dodging
 - Level 2.1 Stealth
 - Level 2.0 Spellcasting
 - Level 6.0 Necromancy


You had 6 spell levels left.
You knew the following spells:

 Your Spells              Type           Power      Damage    Failure   Level
a - Pain                  Necr           56%        1d6       2%          1
b - Animate Skeleton      Necr           28%        N/A       2%          1

Your spell library contained the following spells:

 Spells                   Type           Power      Damage    Failure   Level
 Vampiric Draining        Necr           7%         2d7       8%          3
 Animate Dead             Necr           7%         N/A       24%         4
 Agony                    Necr           14%        N/A       56%         5
 Petrify                  Tmut/Erth      1%         N/A       96%         4
 Irradiate                Conj/Tmut      0%         3d13      100%        5
 Sublimation of Blood     Necr           Unusable   N/A       N/A         2

Dungeon Overview and Level Annotations

Branches:
Dungeon (4/15)
 Temple: D:4-7

Altars:


Innate Abilities, Weirdness & Mutations

You thrive by killing the living.
You are immune to poison.
You have sharp fingernails.
Your flesh is cold resistant. (rC+)
You are immune to negative energy. (rN+++)
You do not regenerate when monsters are visible.
You are immune to unholy pain and torment.


Message History

You hit the gnoll but do no damage.
The gnoll looks as sick as possible!
The gnoll is almost dead.
You kill the gnoll!
You have reached level 5!
You feel stronger.
Casting: Animate Skeleton (safe; 2% risk of failure)
Confirm with . or Enter, or press ? or * to list all spells.
There is nothing nearby to animate!
You hit the gnoll shaman.
The gnoll shaman is lightly wounded.
The gnoll shaman misses you. The gnoll closely misses you.
You hit the gnoll shaman.
The gnoll shaman is moderately wounded.
The gnoll hits you from afar with a +0 spear.
The gnoll shaman misses you.
You hit the gnoll shaman but do no damage.
The gnoll shaman is poisoned.
The gnoll shaman is moderately wounded.
The gnoll hits you from afar with a +0 spear.
The gnoll shaman hits you with a +0 club.
The gnoll hits you from afar with a +0 spear.
You hit the gnoll shaman but do no damage.
The gnoll shaman looks as sick as possible!
The gnoll shaman is moderately wounded.
The gnoll hits you from afar with a +0 spear.
* * * LOW HITPOINT WARNING * * *
The gnoll shaman closely misses you.
A gnoll comes into view. It is wielding a +0 flail.
Casting: Animate Skeleton (safe; 2% risk of failure)
Confirm with . or Enter, or press ? or * to list all spells.
There is nothing nearby to animate!
You hit the gnoll shaman.
The gnoll shaman is heavily wounded.
The gnoll hits you from afar with a +0 spear.
* * * LOW HITPOINT WARNING * * *
The gnoll shaman closely misses you. The gnoll closely misses you.
You closely miss the gnoll shaman.
The gnoll shaman is heavily wounded.
The gnoll hits you from afar with a +0 spear!
You die...

#......#
###########......#
......[...'......+
#######.###......#
#.# #......#
#####.# #......#
#...#.# ##......
#.#####...#.#
#......
#gggg@'.....#
#......
#######.....#
#...... .# #.....#
#...... ###+##.##
#.....# #......
#.....g.# ####..#
#...... #.(.....##
#..# #######
#...?....# #..#
#....?.# #..#
#.(<...#


You could see a gnoll shaman (extremely poisoned) and 3 gnolls.

Vanquished Creatures
  A gnoll (D:4)
  6 adders
  A worm (D:3)
  2 orcs (D:3)
  2 bats
  5 endoplasms
  5 giant cockroaches
  5 hobgoblins
  6 kobolds
  5 quokkas
  9 ball pythons
  A frilled lizard (D:3)
  3 goblins
  4 rats
55 creatures vanquished.

Vanquished Creatures (collateral kills)
  2 orcs (D:3)
2 creatures vanquished.

Grand Total: 57 creatures vanquished

Notes
Turn   | Place    | Note
-------+----------+-------------------------------------------
     0 | D:1      | Thatpatchoflichen the Ghoul Necromancer began the quest for
                  | the Orb.
     0 | D:1      | Reached XP level 1. HP: 14/14 MP: 2/2
   621 | D:1      | Reached XP level 2. HP: 20/20 MP: 4/4
   805 | D:1      | Learned a level 1 spell: Animate Skeleton
   823 | D:1      | Found a faded altar of an unknown god.
  1951 | D:2      | Reached XP level 3. HP: 23/26 MP: 5/5
  1961 | D:2      | Reached skill level 5 in Necromancy
  3092 | D:3      | Reached XP level 4. HP: 19/33 MP: 6/6
  4277 | D:4      | Noticed an ogre
  4394 | D:4      | Reached skill level 6 in Necromancy
  4618 | D:4      | Reached XP level 5. HP: 31/39 MP: 7/7
  4623 | D:4      | Slain by a gnoll

Illustrated notes

Levels and vault maps discovered:
D:1:      nicolae_arrival_somewhat_less_tricky_arrival, layout_basic,
          basic_ecumenical_altar
D:2:      layout_basic
D:3:      layout_loops_corners, chequers_serial_rivers_marsh
D:4:      layout_basic, slow_altar_2, uniq_edmund

Skill      XL: |  1  2  3  4 |
---------------+-------------+-----
Spellcasting   | 2 |  2.0
Necromancy     | 5 6 |  6.0
Fighting       | |  0.4
Armour         | |  0.3
Dodging        | |  1.9
Stealth        | |  2.1

Action                   |  1- 3 |  4- 6 || total
-------------------------+-------+-------++-------
Melee: Hand axe          |   132 |     5 ||   137
       Dagger            |       |    72 ||    72
 Cast: Pain              |     8 |       ||     8
       Animate Skeleton  |       |     1 ||     1
 Stab: Sleeping          |     2 |       ||     2
Armor: Robe              |    43 |    19 ||    62
Dodge: Dodged            |   115 |    62 ||   177
